 Dungeon Crawl Stone Soup version 0.12.3 (webtiles) character file.

533 Chiseanne the Skirmisher (level 6, -4/43 HPs)
             Began as a Sludge Elf Fighter on Sept 27, 2013.
             Killed from afar by an orc wizard (7 damage)
             ... with a puff of flame
             ... on Level 4 of the Dungeon.
             The game lasted 00:11:08 (3457 turns).

Chiseanne the Skirmisher (Sludge Elf Fighter)       Turns: 3457, Time: 00:11:08

HP  -4/43        AC  8     Str 16      XL: 6   Next: 89%
MP   7/7         EV  5     Int 11      God:
Gold 124         SH 19     Dex 15      Spells:  0 memorised,  5 levels left

Res.Fire  : . . .   See Invis. : .   a - +0 elf falchion
Res.Cold  : . . .   Warding    : .   b - +0 elf scale mail
Life Prot.: . . .   Conserve   : .   c - +0 elf shield
Res.Poison: .       Res.Corr.  : .   (no helmet)
Res.Elec. : .       Clarity    : .   i - +0 cloak
Sust.Abil.: + .     Spirit.Shd : .   (no gloves)
Res.Mut.  : .       Stasis     : .   (no boots)
Res.Rott. : .       Ctrl.Telep.: .   (no amulet)
Saprovore : . . .   Flight     : .   m - ring of sustain abilities {unknown}
                                     e - cursed ring of hunger

@: hasted, very quick, slightly resistant to hostile enchantments, extremely
unstealthy
A: Int +1
a: no special abilities


You were on level 4 of the Dungeon.
You were very hungry.

You visited 1 branch of the dungeon, and saw 4 of its levels.

You collected 104 gold pieces.

Inventory:

Hand weapons
 a - a +0,+0 elven falchion (weapon)
Missiles
 k - 23 darts (quivered)
Armour
 b - a +0 elven scale mail (worn)
 c - a +0 elven shield (worn)
 i - a +0 cloak (worn)
Comestibles
 d - 4 bread rations
 g - a pear
 h - 2 meat rations
Scrolls
 n - a scroll of identify
 o - 2 scrolls of teleportation
 p - a scroll of remove curse {unknown}
Jewellery
 e - a cursed ring of hunger (left hand)
 m - a ring of sustain abilities (right hand) {unknown}


   Skills:
 * Level 3.9 Fighting
 * Level 3.0 Long Blades
 * Level 3.1 Throwing
 * Level 3.4 Armour
 * Level 3.4 Dodging
 * Level 3.3 Shields


You had 5 spell levels left.
You didn't know any spells.

Dungeon Overview and Level Annotations

Branches:
Dungeon (4/27)
 Temple: D:4-7

Altars:


Innate Abilities, Weirdness & Mutations

Your mind is acute (Int +1).


Message History

Drink which item? (? for menu, Esc to quit)
You feel better. The orc wizard casts a spell at you. The magic dart hits you!
The orc wizard barely misses you. The orc hits you but does no damage.
The orc wizard hits you with an orcish dagger.
* * * LOW HITPOINT WARNING * * *
Drink which item? (? for menu, Esc to quit)
You feel yourself speed up.
The orc wizard hits you but does no damage.
You block the orc's attack.
The orc wizard casts a spell.
You feel troubled.
The orc wizard gestures at you while chanting.
The puff of frost hits you!
* * * LOW HITPOINT WARNING * * *
The orc wizard hits you but does no damage.
The orc wizard casts a spell at you. The puff of flame hits you!
You die...

..... .(.... #... .
#..#.#
.#######..#.#
..........(.#
#.##(..o...#
#.##..(o)o.#
#.#######@.# #.#
#..# ###.# #..#
#...# ####..# #.#
#...# #.....#
#.####...####.....#
).................#
#.####...####.....#
#....#...# #.....#


You could see 2 orc wizards and an orc.

Vanquished Creatures
  An ice beast (D:3)
  A manticore skeleton (D:4)
  A vampire bat (D:3)
  An iguana (D:4)
  10 adders
  A worm (D:4)
  2 giant geckos
  An ooze (D:1)
  6 orcs
  3 ball pythons
  15 bats
  6 giant cockroaches
  2 hobgoblins
  3 jackals (D:3)
  4 kobolds
  A quokka (D:2)
  3 giant newts
  11 goblins
  10 rats
82 creatures vanquished.

Vanquished Creatures (others)
  An orc (D:4)
1 creature vanquished.

Grand Total: 83 creatures vanquished

Notes
Turn   | Place    | Note
--------------------------------------------------------------
     0 | D:1      | Chiseanne, the Sludge Elf Fighter, began the quest for the Orb.
     0 | D:1      | Reached XP level 1. HP: 16/16 MP: 0/0
   174 | D:1      | Reached XP level 2. HP: 15/21 MP: 2/2
   859 | D:1      | Gained mutation: Your mind is acute (Int +1). [potion of gain intelligence]
   911 | D:2      | Reached skill level 1 in Throwing
   911 | D:2      | Reached skill level 1 in Dodging
   911 | D:2      | Reached XP level 3. HP: 19/27 MP: 3/3
  1292 | D:2      | Reached XP level 4. HP: 32/32 MP: 4/4
  2151 | D:3      | Reached XP level 5. HP: 37/37 MP: 6/6
  2615 | D:3      | Noticed an ice beast
  2642 | D:3      | Killed an ice beast
  2642 | D:3      | Reached XP level 6. HP: 31/43 MP: 7/7
  3457 | D:4      | Killed from afar by an orc wizard

Action                   |  1- 3 |  4- 6 || total
-------------------------+-------+-------++-------
Melee: Falchion          |    81 |   196 ||   277
Throw: Dart              |    13 |    66 ||    79
  Use: Scroll            |     3 |     2 ||     5
       Potion            |     3 |     3 ||     6
